 Adventure DCSS version bcrawl-1.27.3 (webtiles) character file.

Game seed: 11182200752762962899

187683 galech the Chopper (level 6, 48/48 HPs)
             Began as a Demonspawn Fighter on July 31, 2020.
             Quit the game on level 4 of the Dungeon.
             The game lasted 00:05:19 (3551 turns).

galech the Chopper (Demonspawn Fighter)             Turns: 3551, Time: 00:05:20

Health: 48/48      AC: 10    Str: 16    XL:     6   Next: 75%
Magic:  15/15      EV:  6    Int: 10    God:
Gold:   223        SH:  9    Dex: 14    Spells: 5/5 levels left
                                        Lives:  1   Deaths: 1

rFire    + . .     SeeInvis .   a - +0 war axe
rCold    . . .     Gourm    .   c - +0 medium shield
rNeg     . . .     Faith    +   b - +0 scale mail
rPois    .         Spirit   .   (helmet restricted)
rElec    .         Reflect  .   (no cloak)
rCorr    .         Harm     .   m - +0 pair of gloves
MR       .....                  (no boots)
Stlth    +.........             f - amulet of faith
HPRegen  0.16/turn              u - ring of protection from fire
MPRegen  0.14/turn              k - ring of magical power

@: no status effects
A: antennae 1, iridescent scales 1, nightstalker 1, powered by pain 1
a: no special abilities


You were on level 4 of the Dungeon.
You were not hungry.

You visited 1 branch of the dungeon, and saw 4 of its levels.
You also visited: Sewer.

You collected 223 gold pieces.

Inventory:

Hand Weapons
 a - a +0 war axe (weapon)
Armour
 b - a +0 scale mail (worn)
 c - a +0 medium shield (worn)
 m - a +0 pair of gloves (worn)
Jewellery
 f - an amulet of faith (around neck)
 j - an uncursed ring of flight
 k - a ring of magical power (right hand)
 u - a ring of protection from fire (left hand)
Wands
 g - a wand of polymorph (10)
Scrolls
 d - a scroll of identify
 h - a scroll of remove curse
 i - 2 scrolls of fog
 q - a scroll of fear
 r - 3 scrolls of blinking
 s - a scroll of amnesia {unknown}
 v - a scroll of noise {unknown}
 w - 3 scrolls of teleportation
Potions
 l - a potion of magic
 n - a potion of resistance {unknown}
 o - a potion of lignification {unknown}
 p - 2 potions of flight {unknown}
 t - a potion of brilliance {unknown}
Comestibles
 e - 6 rations {!d}
 x - 6 chunks of flesh


   Skills:
 + Level 4.3 Fighting
 + Level 5.3 Axes
 + Level 4.2 Armour
 + Level 1.8 Dodging
 + Level 1.2 Stealth
 + Level 4.4 Shields


You had 5 spell levels left.
You didn't know any spells.
Your spell library was empty.

Dungeon Overview and Level Annotations

Branches:
Dungeon (4/12)
 Temple: D:4-7

Altars:
Cheibriados
Dithmenos
Elyvilon
Gozag
Qazlal
Trog


Innate Abilities, Weirdness & Mutations

You have a pair of small antennae on your head.
You are partially covered in iridescent scales. (AC +2)
You are slightly more attuned to the shadows.
You sometimes gain a little power by taking damage.


Message History

You are too injured to fight recklessly!
You are too injured to fight recklessly!
Your shield and scale mail prevent you from hitting the ogre.
The ogre hits you with a +0 giant club!
You hit the ogre but do no damage. You block the ogre's attack.
An orc comes into view. It is wielding a +0 flail.
You block the ogre's attack.
You slash the ogre!
The ogre is heavily wounded.
The ogre hits you with a +0 giant club!
* * * LOW HITPOINT WARNING * * *
You hit the ogre.
The ogre is heavily wounded.
You hit the orc. You block the orc's attack.
The ogre hits you with a +0 giant club!
You die...
Xom reaches out...
You are now level 6!
You rejoin the land of the living...
Are you sure you want to abandon this character and quit the game? (Confirm with "yes".)

#.#.##...........#
#.#.##.#########.# #.#.##.#
#######.## #.#.##.###........####
# #.#.##.##............#####.#
#.#÷##.##..###...............
#...÷.....#.##.....#.........
#........###.....)...<.....#.
#####...##.##.#.@#.....#########.
....§§####.###.#.#.....# #.
.###§## #.# ###.###.### #.
.##§§§## #.# #># #.# #.
.#§#.#.###.# #.# #.###########.
§§§§§§§..#.# #.# #.##..........
##§#§#.#...# #.# #.##.########.
##§§§####.# #.# #.##.# #.
##.#.....# #.# #.##.# #>


There were no monsters in sight!

Vanquished Creatures
  Grinder (D:3)
  A crocodile (Sewer)
  2 ogres (D:4)
  A phantom (D:4)
  A hound (D:4)
  A bullfrog skeleton (D:4)
  Jessica (D:2)
  Ijyb (D:3)
  Natasha (thrice) (D:3)
  A worker ant (D:4)
  Robin (D:4)
  3 adders
  A worm (D:3)
  A dart slug (D:2)
  5 leopard geckos
  3 ball pythons
  3 bats (D:1)
  2 giant cockroaches
  8 goblins
  9 hobgoblins
  2 jackals (Sewer)
  6 kobolds
  4 quokkas
  3 frilled lizards
  10 rats
74 creatures vanquished.

Notes
Turn   | Place    | Note
-------+----------+-------------------------------------------
     0 | D:1      | galech the Demonspawn Fighter began the quest for the Orb.
     0 | D:1      | Reached XP level 1. HP: 18/18 MP: 1/1
   108 | D:1      | Reached skill level 2 in Axes
   108 | D:1      | Gained mutation: You have a pair of small antennae on your
                  | head. [demonic ancestry]
   108 | D:1      | Reached XP level 2. HP: 22/24 MP: 2/2
   806 | D:2      | Noticed Jessica
   814 | D:2      | Killed Jessica
   814 | D:2      | Gained mutation: You sometimes gain a little power by
                  | taking damage. [demonic ancestry]
   814 | D:2      | Reached XP level 3. HP: 17/29 MP: 3/3
   922 | D:2      | Found a stormy altar of Qazlal.
   922 | D:2      | Found an opulent altar of Gozag.
   923 | D:2      | Found a bloodstained altar of Trog.
   925 | D:2      | Found a white marble altar of Elyvilon.
   930 | D:2      | Found a snail-covered altar of Cheibriados.
  1380 | D:2      | Gained mutation: You are partially covered in iridescent
                  | scales. (AC +2) [demonic ancestry]
  1380 | D:2      | Reached XP level 4. HP: 32/35 MP: 4/4
  1915 | D:3      | Reached skill level 1 in Dodging
  1988 | D:3      | Found a glowing drain.
  2008 | Sewer    | Entered a sewer
  2065 | Sewer    | Noticed a crocodile
  2073 | Sewer    | Killed a crocodile
  2073 | Sewer    | Reached skill level 3 in Axes
  2073 | Sewer    | Reached skill level 1 in Stealth
  2073 | Sewer    | Gained mutation: You are slightly more attuned to the
                  | shadows. [demonic ancestry]
  2073 | Sewer    | Reached XP level 5. HP: 41/41 MP: 5/5
  2345 | D:3      | Noticed Grinder
  2361 | D:3      | Killed Grinder
  2361 | D:3      | Reached skill level 4 in Axes
  2361 | D:3      | Reached XP level 6. HP: 17/48 MP: 6/6
  2516 | D:3      | Noticed Ijyb
  2528 | D:3      | Killed Ijyb
  2669 | D:3      | Noticed Natasha
  2682 | D:3      | Killed Natasha
  2708 | D:3      | Noticed Natasha
  2712 | D:3      | Killed Natasha
  3003 | D:3      | Noticed Natasha
  3009 | D:3      | Killed Natasha
  3009 | D:3      | Reached XP level 7. HP: 48/53 MP: 7/7
  3131 | D:4      | Reached skill level 5 in Axes
  3258 | D:4      | Found a shadowy altar of Dithmenos.
  3422 | D:4      | Noticed Robin
  3439 | D:4      | Killed Robin
  3550 | D:4      | Slain by an ogre
  3551 | D:4      | Reached XP level 6. HP: -1/48 MP: 15/15
  3551 | D:4      | Quit the game

Skill      XL: |  1  2  3  4  5  6  7 |
---------------+----------------------+-----
Axes           | 2 3 4 5 |  5.3
Shields        | 3 4 |  4.4
Armour         | 3 4 |  4.2
Dodging        | 1 |  1.8
Stealth        | 1 |  1.2
Fighting       | 4 |  4.3

Action                   |  1- 3 |  4- 6 |  7- 9 || total
-------------------------+-------+-------+-------++-------
Melee: War axe           |    49 |    83 |    80 ||   212
       Hand axe          |    78 |     7 |       ||    85
       Unarmed           |       |     2 |       ||     2
  Use: Scroll            |     2 |     5 |       ||     7
       Potion            |       |     1 |       ||     1
 Stab: Sleeping          |       |     1 |       ||     1
  Eat: Chunk             |     6 |     9 |     5 ||    20
Armor: Scale mail        |    82 |    31 |    44 ||   157
       Skin              |       |     4 |       ||     4
Dodge: Dodged            |    31 |    22 |    20 ||    73
Block: Medium shield     |    64 |    60 |    48 ||   172
